Map: Emerald City LE

Players

Goku - Winner!

  • Race: Protoss Protoss
  • Spawn Location: 11:00

Keeto - Winner!

  • Race: Terran Terran
  • Spawn Location: 11:00

Throwfordays

  • Race: Protoss Protoss
  • League: Bronze
  • Spawn Location: 5:00

Cthulhu

  • Race: Zerg Zerg
  • Spawn Location: 5:00

VOD

Have the link to the VOD?

Description

Time

  • Played on: Jan. 29, 2019, 11:12 p.m.
  • Length: 3:12
Show
View Real Time Build Order
Export as new Build Order

Goku Protoss - Winner!

Build Orders:  

Get SALT Encoding   

  12  0:02  Probe  
  13  0:14  Probe  
  13  0:19  Pylon  
  14  0:26  Probe  
  15  0:47  Gateway  
  15  0:53  Probe  
  16  0:59  Assimilator  
  16  1:01  Probe  
  16  1:09  Probe  
  18  1:20  Pylon, Probe  
  19  1:40  Cybernetics Core  
  19  1:47  Gateway  
  19  2:05  Probe  
  20  2:09  Assimilator  
  20  2:28  Stalker  
  20  2:30  Gateway, Stalker  
  24  2:52  Pylon  
Show
View Real Time Build Order
Export as new Build Order

Keeto Terran - Winner!

Build Orders: Command Center First (CC) 

Get SALT Encoding   

  12  0:01  SCV  
  13  0:13  SCV  
  14  0:19  Supply Depot  
  14  0:25  SCV  
  15  0:55  Command Center  
  16  0:57  SCV  
  16  1:09  Barracks  
  16  1:15  SCV  
  17  1:28  Barracks  
  17  1:30  SCV  
  18  1:39  Barracks  
  18  1:43  SCV  
  19  1:56  Orbital Command  
  19  2:01  Marine  
  20  2:11  Orbital Command  
  20  2:16  Marine  
  20  2:20  Marine  
  22  2:23  SCV  
  22  2:28  Marine  
  24  2:36  Marine  
  25  2:37  SCV  
  25  2:38  SCV  
  27  2:45  Refinery x2  
  27  2:48  Marine  
  28  2:54  Engineering Bay  
  28  2:56  Engineering Bay  
Show
View Real Time Build Order
Export as new Build Order

Throwfordays Protoss 

Build Orders: 1 Gate Expand 

Get SALT Encoding   

  12  0:01  Probe  
  13  0:13  Probe  
  14  0:18  Pylon  
  14  0:25  Probe  
  15  0:36  Gateway  
  15  0:38  Probe  
  16  0:45  Assimilator  
  16  0:52  Probe  
  17  1:04  Probe  
  18  1:16  Probe  
  19  1:24  Cybernetics Core  
  19  1:28  Probe  
  20  1:41  Nexus  
  20  1:47  Pylon  
  20  1:58  Assimilator  
  20  2:03  Probe  
  21  2:15  Probe  
  22  2:20  Pylon  
  22  2:27  Pylon, Probe  
  23  2:38  Gateway  
  23  2:39  Probe  
  24  2:48  Gateway  
  24  2:51  Gateway, Probe  
Show
View Real Time Build Order
Export as new Build Order

Cthulhu Zerg 

Build Orders: Hatch First 

Get SALT Encoding   

  12  0:07  Drone  
  12  0:08  Drone  
  14  0:38  Hatchery  
  13  0:43  Drone  
  13  0:46  Overlord  
  14  0:58  Extractor  
  14  1:02  Drone  
  14  1:11  Drone  
  15  1:17  Drone, Spawning Pool  
  15  1:23  Drone  
  16  1:30  Drone  
  17  1:38  Drone  
  18  1:47  Extractor  
  17  1:49  Drone  
  18  2:00  Extractor, Drone  
  18  2:03  Extractor  
  18  2:04  Lair  
  18  2:08  Drone x2  
  19  2:16  Drone  
  19  2:17  Drone  
  19  2:22  Drone  
  22  2:27  Drone  
  23  2:37  Drone x2  
Tags
 
Add a new tag
Caveats
  • Supply blocks, unpowered buildings, or Contaminate may cause inaccurate times.
  • Supply counts are checked every 10 seconds.